AoeStats
← Stephan

Oasis

508385813Analyzed
4v4 RM · 11d ago on Sep 22, 2026· 96m 42s· 8 players
Game mode
Random Map
Map size
Large (8 player)
Population
200
Speed
Normal
Resources
Standard
Victory
Conquest
Starting age
Dark Age
Ending age
Imperial Age
RankedLock teamsTeams togetherTeam positionsShared explorationLock speedFull tech treeHidden civsTurbo modeCheats
Victory
Defeat
🇪🇸 Saracens · Spain
1190
+15
🇩🇪 Khmer · Germany
1151
+17
🇮🇱 Wei · Israel
1144
+17
🇨🇳 Mongols · China
1139
+17
1235
-19
🇦🇺 Shu · Australia
1179
-17
🇹🇼 Persians · Taiwan
1132
-15
🇦🇺 Ethiopians · Australia
1129
-15
randymuc
10:10 Feudal Age
13:34 Castle Age
11:42 Double-Bit Axe
11:42 Horse Collar
12:30 Loom
19:48 Wheelbarrow
21:55 Husbandry
22:08 Bloodlines
23:39 Gold Mining
24:30 Bow Saw
24:27 Heavy Plow
25:00 Scale Barding Armor
25:05 Forging
26:04 Hand Cart
27:53 Chain Barding Armor
28:57 Gold Shaft Mining
30:15 Iron Casting
34:50 Imperial Age
34:02 Tusk Swords
36:18 Plate Barding Armor
37:06 Conscription
37:48 Blast Furnace
36:30 Elite Battle Elephant
38:00 Caravan
48:24 Coinage
48:37 Town Watch
49:24 Crop Rotation
49:42 Banking
54:00 Double Crossbow
53:21 Elite Ballista Elephant
54:05 Scale Mail Armor
53:55 Fletching
54:06 Padded Archer Armor
56:03 Ballistics
56:44 Chemistry
55:55 Masonry
58:15 Capped Ram
59:45 Architecture
59:26 Fortified Wall
60:00 Siege Ram
64:07 Chain Mail Armor
63:48 Bodkin Arrow
64:08 Leather Archer Armor
69:13 Bracer
69:43 Ring Archer Armor
69:35 Elite Skirmisher
86:13 Heavy Scorpion
Mike
5:04 Loom
12:47 Feudal Age
16:29 Double-Bit Axe
18:49 Castle Age
18:02 Horse Collar
22:16 Fletching
38:34 Fortified Wall
40:23 Bow Saw
46:51 Wheelbarrow
46:08 Gold Mining
46:08 Stone Mining
68:57 Imperial Age
69:07 Imperial Age
69:59 Hand Cart
70:29 Parthian Tactics
70:11 Thumb Ring
70:46 Bodkin Arrow
70:51 Padded Archer Armor
71:48 Bracer
72:50 Chemistry
72:11 Ballistics
72:50 Elite Skirmisher
76:30 Leather Archer Armor
75:52 Pikeman
76:32 Squires
90:51 Hand Cart
91:56 Onager
92:09 Onager
Pos3YDoN86
7:41 Loom
10:29 Feudal Age
12:24 Double-Bit Axe
15:06 Padded Archer Armor
16:18 Fletching
19:19 Town Watch
19:23 Horse Collar
20:49 Gold Mining
21:36 Wheelbarrow
25:42 Castle Age
26:49 Bodkin Arrow
26:36 Crossbowman
365185124
10:24 Feudal Age
14:06 Castle Age
12:02 Double-Bit Axe
12:37 Horse Collar
21:11 Scale Barding Armor
22:33 Wheelbarrow
21:56 Gold Mining
22:48 Chain Barding Armor
23:12 Bloodlines
23:57 Forging
23:38 Loom
25:32 Iron Casting
25:19 Husbandry
27:16 Gold Shaft Mining
29:31 Hand Cart
29:12 Stone Mining
33:43 Stone Shaft Mining
33:05 Fletching
33:15 Padded Archer Armor
36:20 Imperial Age
33:37 Town Watch
37:25 Conscription
36:33 Elite Steppe Lancer
38:16 Blast Furnace
37:13 Bodkin Arrow
37:33 Leather Archer Armor
37:28 Elite Mangudai
43:16 Light Cavalry
44:51 Hussar
46:45 Bracer
47:56 Capped Ram
52:16 Bow Saw
52:10 Heavy Plow
53:01 Nomads
53:22 Drill
56:29 Elite Skirmisher
57:19 Thumb Ring
59:31 Chemistry
58:51 Ballistics
59:44 Parthian Tactics
60:11 Caravan
62:45 Siege Engineers
62:52 Masonry
63:25 Hoardings
62:31 Onager
64:23 Murder Holes
65:54 Siege Onager
69:50 Man-at-Arms
70:34 Scale Mail Armor
71:58 Long Swordsman
73:01 Chain Mail Armor
76:08 Plate Mail Armor
75:10 Heavy Camel Rider
82:45 Heavy Scorpion
87:17 Siege Ram
88:10 Fortified Wall
Stephan
6:56 Loom
11:50 Feudal Age
15:27 Castle Age
13:43 Double-Bit Axe
14:05 Horse Collar
16:22 Bow Saw
23:54 Gold Mining
25:02 Scale Barding Armor
26:04 Chain Barding Armor
26:54 Bloodlines
26:56 Forging
27:23 Husbandry
29:38 Wheelbarrow
28:51 Loom
31:41 Iron Casting
31:34 Town Watch
33:56 Hand Cart
33:43 Town Patrol
37:29 Imperial Age
35:44 Gold Shaft Mining
37:17 Masonry
37:02 Murder Holes
37:16 Cavalier
38:47 Plate Barding Armor
39:18 Blast Furnace
39:11 Conscription
39:27 Hoardings
39:31 Stone Mining
39:56 Savar
40:15 Light Cavalry
41:34 Hussar
45:14 Architecture
45:05 Ballistics
45:45 Chemistry
44:37 Fletching
46:28 Heavy Plow
46:34 Heavy Camel Rider
48:25 Crop Rotation
48:39 Scale Mail Armor
48:41 Squires
48:01 Pikeman
49:00 Halberdier
50:55 Chain Mail Armor
52:40 Plate Mail Armor
53:37 Two-Man Saw
55:06 Arson
55:18 Bodkin Arrow
56:42 Caravan
70:47 Citadels
79:46 Kamandaran
79:49 Padded Archer Armor
89:17 Coinage
88:57 Guilds
93:46 Onager
Vanilla Gorilla
6:25 Loom
10:15 Feudal Age
11:22 Double-Bit Axe
11:43 Horse Collar
21:39 Castle Age
22:02 Gold Mining
22:22 Fletching
22:34 Crossbowman
23:19 Thumb Ring
24:20 Bodkin Arrow
25:21 Bow Saw
27:48 Padded Archer Armor
29:16 Wheelbarrow
34:15 Imperial Age
32:02 Hand Cart
34:02 Gold Shaft Mining
33:18 Stone Mining
36:54 Two-Man Saw
35:59 Heavy Plow
36:32 Siege Engineers
37:28 Chemistry
37:59 Conscription
40:31 Bolt Magazine
41:55 Caravan
47:24 Scale Barding Armor
47:59 Scale Mail Armor
48:27 Pikeman
49:08 Squires
49:26 Chain Mail Armor
53:39 Onager
55:20 Plate Mail Armor
57:31 Halberdier
58:36 Town Watch
63:55 Forging
63:46 Bracer
64:25 Gambesons
76:10 Man-at-Arms
83:56 Long Swordsman
86:17 Arson
86:20 Two-Handed Swordsman
87:31 Champion
My pronouns are Master/Sir/Daddy
11:55 Feudal Age
15:42 Castle Age
14:21 Double-Bit Axe
19:42 Cavalier
21:07 Scale Barding Armor
22:03 Forging
26:01 Iron Casting
30:25 Chain Barding Armor
33:38 Wheelbarrow
36:50 Hand Cart
45:12 Imperial Age
49:21 Pikeman
50:01 Squires
52:20 Horse Collar
52:48 Scale Mail Armor
53:50 Blast Furnace
52:44 Halberdier
59:45 Bow Saw
59:44 Heavy Plow
63:38 Chain Mail Armor
71:07 Squires
79:42 Plate Mail Armor
88:32 Two-Man Saw
89:26 Crop Rotation
90:46 Caravan
c r v w l e y
5:10 Loom
9:23 Feudal Age
13:32 Fletching
19:32 Padded Archer Armor
19:44 Double-Bit Axe
28:47 Castle Age
27:54 Horse Collar
28:58 Crossbowman
29:44 Thumb Ring
29:47 Bodkin Arrow
31:16 Bow Saw
33:27 Ballistics
33:28 Leather Archer Armor
35:34 Scale Mail Armor
35:40 Squires
37:33 Chain Mail Armor
37:28 Forging
46:38 Forging
54:21 Iron Casting
54:48 Arson
65:17 Caravan
81:05 Elite Skirmisher
84:20 Imperial Age
82:27 Wheelbarrow
84:32 Hand Cart
84:04 Town Watch
84:36 Halberdier
86:14 Bracer
86:46 Plate Mail Armor
88:30 Chemistry
89:11 Blast Furnace
88:01 Arbalester
90:00 Ring Archer Armor
89:47 Siege Engineers
91:03 Onager
92:19 Siege Onager
Connection lost

Rejoining the realm…

Still unreachable

The connection could not be restored.

Session expired

The server has moved on; the page needs a fresh start.